 Dungeon Sprint DCSS version 0.31-a0-20-g13bd767e95 (webtiles) character file.

Game seed: 13384484243294387485

32767 Conn the Eclecticist (level 13, -1/114 HPs)
             Began as an Octopode Fire Elementalist on May 13, 2023.
             Was a Priest of Sif Muna.
             Engulfed by Lom Lobon's freezing vapour (4 damage)
             ... in the Dungeon (Sprint I: "Red Sonja").
             The game lasted 01:32:32 (8679 turns).

Conn the Eclecticist (Octopode Fire Elementalist)   Turns: 8679, Time: 01:32:37

Health: -1/114     AC: 34    Str:  6    XL:     13   Next: 66%
Magic:  13/35      EV:  2    Int: 24    God:    Sif Muna [***...]
Gold:   1103       SH:  5    Dex:  9    Spells: 1/49 levels left

rFire   . . .        t - +8 mace of the Hills {protect, +Blink rElec Int-3 Stlth+}
rCold   + + +        (no shield)
rNeg    . . .        (helmet currently unavailable)
rPois   +            E - amulet of reflection
rElec   +            m - ring of protection from cold
rCorr   .            r - ring of the Mage {Wiz Archmagi}
SInv    .            s - ring of Cunieju {rPois AC+4 Dex-4 Stlth+}
Will    .....        v - ring of wizardry
Stlth   ++++         i - +6 ring of intelligence
HPRegen 0.39/turn    l - ring of Onuoc {rF+ rC+ Slay+3}
MPRegen 0.24/turn    x - +4 ring of protection
                     I - ring of ice

%: no teleportation, reflection, wizardry (x2), archmagi
@: tree-form, frozen, forested, channelling, very slow
A: stationary, stasis, torment immunity, boosted hp, almost no armour,
(amphibious), 8 rings, (camouflage 1), (gelatinous body 1), (nimble swimmer 1),
(tentacles), weak 1
a: Renounce Religion, Evoke Blink, Channel Magic, Forget Spell


You were in the Dungeon.
You worshipped Sif Muna.
Sif Muna was most pleased with you.
You were a tree.
You visited 1 branch You collected 6190 gold pieces.
You spent 5087 gold pieces at shops.

Inventory:

Hand Weapons
 k - a +0 dagger of venom
 q - the +5 mace of Doom {drain, rF+ Stlth+}
   (You took it off a centaur warrior in the Dungeon)

   rF:        It protects you from fire.
   Stlth:     It makes you more stealthy.
 t - the +8 mace of the Hills (weapon) {protect, +Blink rElec Int-3 Stlth+}
   (You bought it in a shop in the Dungeon)

   Int:       It affects your intelligence (-3).
   rElec:     It insulates you from electricity.
   +Blink:    It lets you blink.
   Stlth:     It makes you more stealthy.
Armour
 H - a +0 buckler
Jewellery
 g - the ring "Plog" {Fire rElec Int-4 Slay+6 SInv}
   (You found it in the Dungeon)

   [ring of fire]

   It enhances your fire magic.
   Int:       It affects your intelligence (-4).
   Slay:      It affects your accuracy & damage with ranged weapons and melee
   (+6).
   rF:        It protects you from fire.
   rC:        It makes you vulnerable to cold.
   rElec:     It insulates you from electricity.
   SInv:      It lets you see invisible.
 i - a +6 ring of intelligence (on tentacle)
 l - the ring of Onuoc (on tentacle) {rF+ rC+ Slay+3}
   (You bought it in a shop in the Dungeon)

   [ring of protection from fire]

   Slay:      It affects your accuracy & damage with ranged weapons and melee
   (+3).
   rF:        It protects you from fire.
   rC:        It protects you from cold.
 m - a ring of protection from cold (left branch)
 n - a +5 ring of evasion
 r - the ring of the Mage (right branch) {Wiz Archmagi}
   (You bought it in a shop in the Dungeon)

   [ring of wizardry]

   It improves your spell success rate.
   Archmagi:  It increases the power of your magical spells.
 s - the ring of Cunieju (on tentacle) {rPois AC+4 Dex-4 Stlth+}
   (You bought it in a shop in the Dungeon)

   [ring of protection]

   AC:        It affects your AC (+4).
   Dex:       It affects your dexterity (-4).
   rPois:     It protects you from poison.
   Stlth:     It makes you more stealthy.
 v - a ring of wizardry (on tentacle)
 x - a +4 ring of protection (on tentacle)
 y - the ring of Xoimon {rC- Will+ Int+8 Dex-2 SInv}
   (You bought it in a shop in the Dungeon)

   [ring of see invisible]

   Int:       It affects your intelligence (+8).
   Dex:       It affects your dexterity (-2).
   rC:        It makes you vulnerable to cold.
   SInv:      It lets you see invisible.
   Will:      It increases your willpower.
 E - an amulet of reflection (around neck)
 F - a ring of resist corrosion
 I - a ring of ice (on tentacle)
Wands
 c - a wand of flame (12)
 e - a wand of polymorph (2)
 j - a wand of iceblast (2)
 D - a wand of paralysis (19)
Scrolls
 d - a scroll of immolation
 h - 3 scrolls of fear
 B - a scroll of enchant weapon
Potions
 a - 4 potions of magic
 o - a potion of might
 p - a potion of attraction
 u - a potion of lignification
 w - a potion of cancellation
 A - a potion of brilliance
 K - a potion of haste
Miscellaneous
 C - a box of beasts (inert)


   Skills:
 + Level 2.6 Fighting
 + Level 2.3 Maces & Flails
 + Level 2.3 Throwing
 + Level 6.1 Dodging
 - Level 3.5 Stealth
 + Level 18.8 Spellcasting
 * Level 14.8 Conjurations
 - Level 4.4 Hexes
 + Level 7.3 Summonings
 + Level 2.7 Translocations
 + Level 18.1 Fire Magic
 + Level 3.7 Ice Magic
 + Level 8.7 Air Magic
 + Level 0.6 Poison Magic
 + Level 14.0 Invocations


You had one spell level left.
You knew the following spells:

 Your Spells              Type           Power      Damage    Failure   Level
a - Foxfire               Conj/Fire      100%       2x1d9     0%          1
b - Scorch                Fire           100%       2d9       0%          2
c - Inner Flame           Hex/Fire       86%        N/A       1%          3
d - Summon Hydra          Summ           36%        N/A       22%         7
e - Summon Forest         Summ/Tloc      31%        N/A       2%          5
f - Fireball              Conj/Fire      50%        3d20      1%          5
g - Starburst             Conj/Fire      50%        6d14      1%          6
h - Iskenderun's Battles  Conj           96%        2d14      1%          5
i - Iskenderun's Mystic   Conj/Tloc      77%        2d15      1%          4
j - Orb of Destruction    Conj           48%        9d13      1%          7
l - Hailstorm             Conj/Ice       100%       3d20      1%          3

Your spell library contained the following spells:

 Spells                   Type           Power      Damage    Failure   Level
 Magic Dart               Conj           100%       1d8       0%          1
 Shock                    Conj/Air       100%       1d9       0%          1
 Kiss of Death            Conj/Necr      100%       2d13      1%          1
 Summon Small Mammal      Summ           100%       N/A       1%          1
 Static Discharge         Conj/Air       100%       2-7/arc   1%          2
 Call Canine Familiar     Summ           72%        N/A       1%          3
 Confusing Touch          Hex            60%        N/A       1%          3
 Dazzling Flash           Conj/Hex       100%       N/A       1%          3
 Ignite Poison            Fire/Tmut/Pois 68%        N/A       1%          3
 Mephitic Cloud           Conj/Pois/Air  75%        N/A       1%          3
 Portal Projectile        Hex/Tloc       100%       N/A       1%          3
 Volatile Blastmotes      Fire/Tloc      100%       2d18      1%          3
 Cause Fear               Hex            30%        N/A       1%          4
 Flame Wave               Conj/Fire      100%       2d21      1%          4
 Fulminant Prism          Conj/Hex       40%        3d19      1%          4
 Sticky Flame             Conj/Fire      100%       2d11      1%          4
 Summon Ice Beast         Ice/Summ       84%        N/A       1%          4
 Summon Lightning Spire   Summ/Air       75%        N/A       1%          4
 Arcjolt                  Conj/Air       43%        1d53      1%          5
 Freezing Cloud           Conj/Ice/Air   49%        6-21      1%          5
 Silence                  Hex/Air        34%        N/A       1%          5
 Summon Mana Viper        Hex/Summ       66%        N/A       1%          5
 Conjure Ball Lightning   Conj/Air       43%        3x3d15    1%          6
 Plasma Beam              Fire/Air       46%        2x1d66    1%          6
 Ice Form                 Ice/Tmut       63%        N/A       2%          4
 Leda's Liquefaction      Hex/Erth       24%        N/A       2%          4
 Dispel Undead            Necr           33%        3d14      6%          4
 Petrify                  Tmut/Erth      33%        N/A       6%          4
 Alistair's Intoxication  Tmut/Pois      24%        N/A       13%         5
 Monstrous Menagerie      Summ           36%        N/A       22%         7
 Simulacrum               Ice/Necr       31%        N/A       36%         6
 Malign Gateway           Summ/Tloc      31%        N/A       47%         7
 Storm Form               Tmut/Air       30%        N/A       56%         7
 Death Channel            Necr           16%        N/A       58%         6
 Haunt                    Necr/Summ      28%        N/A       67%         7
 Discord                  Hex            30%        N/A       99%         8
 Disjunction              Tloc           26%        N/A       100%        8
 Necromutation            Tmut/Necr      16%        N/A       100%        8


Dungeon Overview and Level Annotations

Branches:
Dungeon (1/1)

Altars:
Cheibriados
Dithmenos
Elyvilon
Fedhas
Gozag
Hepliaklqana
Kikubaaqudgha
Makhleb
Nemelex Xobeh
Okawaru
Qazlal
Ru
Sif Muna
Trog
Uskayaw
Vehumet
Wu Jian
Xom
Yredelemnul
Zin
The Shining One
Jiyva
Lugonu

Shops:
D *!=?**=*:[!?![[!=!([[[

Annotations:
D Lom Lobon


Innate Abilities, Weirdness & Mutations

You are a tree.
Your roots penetrate the ground, keeping you stationary.
You cannot be teleported.
You are immune to unholy pain and torment.
Your maximum health is greatly increased.
You cannot wear most types of armour.
((You are amphibious.))
You can wear up to eight rings at the same time.
((Your skin changes colour to match your surroundings (Stealth+).))
((Your rubbery body absorbs attacks. (AC +1, EV +1)))
((You are camouflaged when in or above water. (Stealth+)))
((You have tentacles for arms and can constrict up to eight enemies at once.))
You are weak. (Str -2)


Message History

The mystic blast hits Lom Lobon!
Lom Lobon is lightly wounded.
Lom Lobon is knocked back by the mystic blast.
You are engulfed in freezing vapours.
You resist.
Space becomes stable.
Lom Lobon gestures.
Lom Lobon blinks!
Casting: Iskenderun's Mystic Blast (safe; 1% risk of failure)
Confirm with . or Enter, or press ? or * to list all spells.
Okay, then.
You are engulfed in freezing vapours.
You resist. The ice encasing you melts away. Lom Lobon gestures at you.
Lom Lobon conjures a mighty blast of ice!
The great icy blast engulfs you!! You partially resist.
* * * LOW HITPOINT WARNING * * *
You are encased in ice.
Unknown command.
You feel better.
You are engulfed in freezing vapours.
You resist.
* * * LOW HITPOINT WARNING * * *
Lom Lobon gestures at you.
Lom Lobon conjures a mighty blast of ice!
The great icy blast engulfs you! You partially resist.
* * * LOW HITPOINT WARNING * * *
You feel better.
You are engulfed in freezing vapours.
You resist.
* * * LOW HITPOINT WARNING * * *
Lom Lobon gestures at you.
Lom Lobon conjures a mighty blast of ice!
The great icy blast engulfs you! You partially resist.
* * * LOW HITPOINT WARNING * * *
Okay, then.
Okay, then.
Casting: Iskenderun's Mystic Blast (safe; 1% risk of failure)
Confirm with . or Enter, or press ? or * to list all spells.
You feel a surge of power!
A forested plane collides here with a resounding crunch!
Your dryad calls out to the forest.
The forest starts to sway and rumble!
You are engulfed in freezing vapours.
You resist.
You die...

####################♣
..#..+§.§.#.).....~.#
.§'..#§§§.##[.}°.~~~♣
####'#§.§.§####♣○○○≈♣
.##..#.....#§§.#§R☼≈♣
..#.)##§.§§#(∩.#§☼°~♣
#.#))≈###§##§..#♣§§§♣
#.#).≈..#§####'#○§☼♣♣
#.#.)≈.##'#§§..♣#§§§♣
..#..≈##..§.....##§§#
###..≈#..§..§....#§§#
#.≈..##....§§....##§#
#.≈..#...§.§[.....#&♣
###..#.....[......#°♣
#.+..##..........#♣.#


You could see Lom Lobon (gusty, ally target) and a friendly dryad (summoned).

Vanquished Creatures
  Tiamat (D)
  the Lernaean hydra (D)
  A golden dragon (D)
  A deep elf master archer (D)
  A shadow dragon (D)
  A daeva (D)
  4 fire giants (D)
  A deep elf annihilator (D)
  A lorocyproca (D)
  A mummy priest (D)
  A hydra (D)
  2 centaur warriors (D)
  Sonja (D)
  A nameless horror (D)
  A deep troll (D)
  A lindwurm (D)
  8 shining eyes (D)
  2 oklob plants (D)
  4 demonic crawlers (D)
  2 merfolk sirens (D)
  2 gargoyles (D)
  7 unseen horrors (D)
  2 kobold demonologists (D)
  A hellwing (D)
  5 hornets (D)
  A slime creature (D)
  A yak (D)
  Sigmund (D)
  13 hogs (D)
  2 redbacks (D)
  6 floating eyes (D)
  An ogre (D)
  7 necrophages (D)
  8 jellies (D)
  Ijyb (D)
  A ball lightning (D)
  2 ballistomycete spores (D)
97 creatures vanquished.

Vanquished Creatures (collateral kills)
  A nameless horror (D)
  A meliai (D)
  A floating eye (D)
  A ball lightning (D)
4 creatures vanquished.

Vanquished Creatures (others)
  2 eldritch tentacles (D)
  13 ball lightnings (D)
  135 foxfires (D)
  A snaplasher vine (D)
151 creatures vanquished.

Grand Total: 252 creatures vanquished

Notes
Turn   | Place    | Note
-------+----------+-------------------------------------------
     0 | D        | Conn the Octopode Fire Elementalist began the quest for the
                  | Orb.
     0 | D        | Reached XP level 1. HP: 11/11 MP: 3/3
     2 | D        | Noticed Ijyb
    14 | D        | Killed Ijyb
    15 | D        | Reached skill level 5 in Fire Magic
    15 | D        | Reached XP level 2. HP: 9/17 MP: 0/6
    15 | D        | Reached XP level 3. HP: 11/21 MP: 0/7
    74 | D        | Learned a level 2 spell: Scorch
    78 | D        | Learned a level 3 spell: Inner Flame
    81 | D        | Noticed an ogre
    88 | D        | Killed an ogre
    89 | D        | Reached XP level 4. HP: 27/27 MP: 1/10
   178 | D        | Learned a level 4 spell: Flame Wave
   178 | D        | Noticed Sigmund
   185 | D        | Killed Sigmund
   186 | D        | Reached XP level 5. HP: 20/31 MP: 0/14
   186 | D        | Reached XP level 6. HP: 23/36 MP: 0/15
   308 | D        | Found a shimmering blue altar of Sif Muna.
   309 | D        | Found an ornate altar of the Wu Jian Council.
   310 | D        | Found a radiant altar of Vehumet.
   314 | D        | Became a worshipper of Sif Muna the Loreminder
   346 | D        | Found Xusut's Magic Scroll Emporium.
   346 | D        | Found an ancient bone altar of Kikubaaqudgha.
   346 | D        | Found a hazy altar of Hepliaklqana.
   346 | D        | Found a stormy altar of Qazlal.
   346 | D        | Found a hide-covered altar of Uskayaw.
   346 | D        | Found a blossoming altar of Fedhas.
   346 | D        | Found a bloodstained altar of Trog.
   346 | D        | Found an iron altar of Okawaru.
   346 | D        | Found a basalt altar of Yredelemnul.
   346 | D        | Found a glowing golden altar of the Shining One.
   346 | D        | Found a snail-covered altar of Cheibriados.
   346 | D        | Found a sacrificial altar of Ru.
   346 | D        | Found a glowing silver altar of Zin.
   346 | D        | Found a shadowy altar of Dithmenos.
   346 | D        | Found a white marble altar of Elyvilon.
   346 | D        | Noticed a yak
   354 | D        | Killed a yak
   355 | D        | Reached skill level 5 in Conjurations
   355 | D        | Reached skill level 1 in Hexes
   355 | D        | Reached XP level 7. HP: 41/41 MP: 6/18
   357 | D        | Found an opulent altar of Gozag.
   358 | D        | Found a sparkling altar of Nemelex Xobeh.
   362 | D        | Bought a scroll of fear for 48 gold pieces
   435 | D        | Noticed Sonja
   437 | D        | Killed Sonja
   437 | D        | Reached * piety under Sif Muna
   438 | D        | Reached skill level 5 in Dodging
   438 | D        | Reached skill level 10 in Spellcasting
   438 | D        | Reached XP level 8. HP: 46/46 MP: 13/22
   529 | D        | Found Didopt's General Store.
   549 | D        | Noticed a deep troll
   555 | D        | Killed a deep troll
   568 | D        | Found Ubbaudwuel's Armour Emporium.
   608 | D        | Found a burning altar of Makhleb.
   608 | D        | Found a viscous altar of Jiyva.
   608 | D        | Found a shimmering altar of Xom.
   608 | D        | Found a corrupted altar of Lugonu.
   608 | D        | Noticed a slime creature
   620 | D        | Killed a slime creature
   621 | D        | Reached skill level 1 in Invocations
   621 | D        | Reached XP level 9. HP: 39/51 MP: 10/24
   728 | D        | Noticed a shining eye
   728 | D        | Noticed a shining eye
   728 | D        | Noticed a shining eye
   737 | D        | Reached ** piety under Sif Muna
   837 | D        | Noticed a kobold demonologist
   841 | D        | Noticed a kobold demonologist
   843 | D        | Paralysed by a floating eye for 2 turns
   847 | D        | Killed a kobold demonologist
   848 | D        | Killed a kobold demonologist
   957 | D        | Noticed a centaur warrior
   965 | D        | Identified the +5 mace of Doom {drain, rF+ Stlth+}
   969 | D        | Killed a centaur warrior
   969 | D        | Reached *** piety under Sif Muna
   970 | D        | Reached skill level 5 in Invocations
  1097 | D        | Gained mutation: You are clumsy. (Dex -2) [a shining eye]
  1098 | D        | Killed a shining eye
  1099 | D        | Reached XP level 10. HP: 56/56 MP: 17/27
  1410 | D        | Noticed an oklob plant
  1414 | D        | Killed an oklob plant
  1461 | D        | Reached **** piety under Sif Muna
  1542 | D        | Reached ***** piety under Sif Muna
  1544 | D        | Received a gift from Sif Muna
  1545 | D        | Got Sif Muna's Almanac of the Entourage {god gift}
  1551 | D        | Killed an unseen horror
  1698 | D        | Noticed a centaur warrior
  1704 | D        | Killed a centaur warrior
  1705 | D        | Reached skill level 1 in Throwing
  1837 | D        | Gained mutation: Your body sometimes deteriorates upon
                  | taking damage. [a shining eye]
  1900 | D        | Learned a level 5 spell: Summon Forest
  1939 | D        | Killed an unseen horror
  1940 | D        | Reached skill level 10 in Conjurations
  1940 | D        | Reached skill level 1 in Summonings
  2015 | D        | Received a gift from Sif Muna
  2023 | D        | Got Sif Muna's Omnibus of Ruinous Breath {god gift}
  2028 | D        | Identified the ring "Plog" {Fire rElec Int-4 Slay+6 SInv}
  2038 | D        | Identified the +1 helmet of Xom's Whim {rF+}
  2160 | D        | Found Yclomoomp's Assorted Antiques.
  2160 | D        | Found Zuharis's Jewellery Shop.
  2160 | D        | Found Run Aphe's Book Boutique.
  2162 | D        | Found Qukhag's Armour Emporium.
  2162 | D        | Found Ymynuuz's Distillery.
  2162 | D        | Found Feacovud's Magic Scroll Shoppe.
  2162 | D        | Found Anuch's Distillery.
  2162 | D        | Found Naxtab's Antique Armour Emporium.
  2162 | D        | Found Owefeeli's Antique Armour Shop.
  2162 | D        | Found Gunaptak's Distillery.
  2166 | D        | Found Hemodecs's Jewellery Boutique.
  2167 | D        | Found Fammacuv's Antique Weapon Emporium.
  2167 | D        | Found Vohorhor's Distillery.
  2168 | D        | Found Viybby's Antique Armour Emporium.
  2191 | D        | Learned a level 5 spell: Fireball
  2198 | D        | Learned a level 6 spell: Starburst
  2204 | D        | Learned a level 5 spell: Iskenderun's Battlesphere
  2259 | D        | Paralysed by a floating eye for 3 turns
  2263 | D        | Killed a shining eye
  2264 | D        | Reached skill level 1 in Fighting
  2264 | D        | Reached XP level 11. HP: 63/63 MP: 18/29
  2265 | D        | Noticed a shining eye
  2267 | D        | Killed a shining eye
  2270 | D        | Reached skill level 15 in Fire Magic
  2270 | D        | Noticed a shining eye
  2273 | D        | Noticed a shining eye
  2277 | D        | Killed a shining eye
  2417 | D        | Killed a shining eye
  2418 | D        | Reached skill level 15 in Spellcasting
  2435 | D        | Received a gift from Sif Muna
  2436 | D        | Killed a shining eye
  2437 | D        | Noticed a shining eye
  2437 | D        | Noticed a shining eye
  2440 | D        | Killed a shining eye
  2448 | D        | Killed a shining eye
  2450 | D        | Got Sif Muna's Grimoire of Arcane Weapons and the Adder
                  | {god gift}
  2457 | D        | Found Ahuilly's General Store.
  2457 | D        | Found Emoppyro's General Store.
  2460 | D        | Found Zaag Hab's Jewellery Emporium.
  2461 | D        | Found Usoutohe's Distillery.
  2486 | D        | Bought the ring of the Mage {Wiz Archmagi} for 510 gold
                  | pieces
  2486 | D        | Found the ring of the Mage {Wiz Archmagi}
  2486 | D        | Bought the ring of Cunieju {rPois AC+4 Dex-4 Stlth+} for
                  | 416 gold pieces
  2488 | D        | Bought a potion of mutation for 80 gold pieces
  2489 | D        | Lost mutation: You are clumsy. (Dex -2) [potion of
                  | mutation]
  2489 | D        | Lost mutation: Your body sometimes deteriorates upon taking
                  | damage. [potion of mutation]
  2489 | D        | Gained mutation: You are weak. (Str -2) [potion of
                  | mutation]
  2584 | D        | Learned a level 4 spell: Iskenderun's Mystic Blast
  2588 | D        | Learned a level 3 spell: Mephitic Cloud
  2643 | D        | Bought a brightly glowing mace for 152 gold pieces
  2643 | D        | Identified the +8 mace of the Hills {protect, +Blink rElec
                  | Int-3 Stlth+} (You bought it in a shop in the Dungeon)
  2652 | D        | Bought a potion of lignification for 36 gold pieces
  2657 | D        | Bought a scroll labelled SEDWUFO ZUST for 17 gold pieces
  2712 | D        | Reached skill level 5 in Summonings
  2735 | D        | Received a gift from Sif Muna
  2736 | D        | Reached skill level 10 in Invocations
  2746 | D        | Noticed a lindwurm
  2748 | D        | Killed a lindwurm
  2748 | D        | Reached ****** piety under Sif Muna
  2758 | D        | Received a gift from Sif Muna
  2759 | D        | Reached skill level 1 in Translocations
  2790 | D        | Received a gift from Sif Muna
  2946 | D        | Got Sif Muna's Atlas of Grim Maleficia {god gift}
  2999 | D        | Noticed a 12-headed hydra
  3002 | D        | Reached skill level 1 in Maces & Flails
  3002 | D        | Killed a 12-headed hydra
  3003 | D        | Reached XP level 12. HP: 70/70 MP: 17/32
  3102 | D        | Reached skill level 1 in Air Magic
  3104 | D        | Received a gift from Sif Muna
  3110 | D        | Got Sif Muna's Treatise on Illusion {god gift}
  3111 | D        | Noticed a deep elf annihilator
  3366 | D        | Bought the ring of Onuoc {rF+ rC+ Slay+3} for 567 gold
                  | pieces
  3425 | D        | Noticed a lorocyproca
  3431 | D        | Killed a lorocyproca
  3720 | D        | Noticed a daeva
  4117 | D        | Killed a daeva
  4276 | D        | Received a gift from Sif Muna
  4282 | D        | Got Sif Muna's Vellum of Damage and Oromancy {god gift}
  4289 | D        | Learned a level 5 spell: Freezing Cloud
  4494 | D        | Bought a +4 ring of protection for 396 gold pieces
  4506 | D        | Bought a potion of curing for 36 gold pieces
  4506 | D        | Bought a potion of heal wounds for 60 gold pieces
  4510 | D        | Bought a book of the Tundra for 320 gold pieces
  4562 | D        | Bought the ring of Xoimon {rC- Will+ Int+8 Dex-2 SInv} for
                  | 332 gold pieces
  4562 | D        | Bought a scroll of identify for 20 gold pieces
  4562 | D        | Bought a scroll of fear for 40 gold pieces
  4562 | D        | Bought a potion of heal wounds for 50 gold pieces
  4591 | D        | Bought 2 scrolls of identify for 40 gold pieces
  4651 | D        | Noticed a fire giant
  4658 | D        | Noticed a fire giant
  4667 | D        | Killed a fire giant
  4677 | D        | Killed a fire giant
  4678 | D        | Reached skill level 5 in Air Magic
  4688 | D        | Noticed a fire giant
  4847 | D        | Noticed a fire giant
  4857 | D        | Killed a fire giant
  5011 | D        | Found the +4 dragonskin cloak
  5011 | D        | Noticed Tiamat
  5178 | D        | Learned a level 3 spell: Hailstorm
  5622 | D        | Killed Tiamat
  5623 | D        | Reached XP level 13. HP: 76/76 MP: 8/35
  5708 | D        | Killed a fire giant
  5708 | D        | Received a gift from Sif Muna
  5709 | D        | Got Cofuu's Atlas of Shifting Combat Magic {god gift}
  5714 | D        | Killed a deep elf annihilator
  5722 | D        | Noticed a mummy priest
  5885 | D        | Killed a mummy priest
  5948 | D        | Noticed a shadow dragon
  6169 | D        | Noticed a golden dragon
  6170 | D        | Found Neiruf's Antique Armour Shoppe.
  6183 | D        | Killed a golden dragon
  6427 | D        | Bought an amulet of reflection for 300 gold pieces
  6483 | D        | Bought a ring of resist corrosion for 220 gold pieces
  6485 | D        | Bought a potion of heal wounds for 50 gold pieces
  6565 | D        | Killed a shadow dragon
  6745 | D        | Noticed Lom Lobon
  6758 | D        | Noticed the 27-headed Lernaean hydra
  6771 | D        | Killed the 27-headed Lernaean hydra
  6805 | D        | Noticed a deep elf master archer
  6934 | D        | Killed a deep elf master archer
  7106 | D        | Identified the staff of air "Ekodwom" {rElec Will- Str+3
                  | SInv}
  7182 | D        | Found the +3 giant club "Skullcrusher" {speed, Str+7}
  7463 | D        | Bought a +5 ring of evasion for 360 gold pieces
  7463 | D        | Bought a ring of wizardry for 300 gold pieces
  7491 | D        | Bought a scroll of fog for 48 gold pieces
  7491 | D        | Bought a scroll of blinking for 90 gold pieces
  7491 | D        | Bought a scroll of identify for 24 gold pieces
  7491 | D        | Bought a scroll of identify for 24 gold pieces
  7519 | D        | Bought a +0 buckler for 45 gold pieces
  7519 | D        | Bought a ring of ice for 250 gold pieces
  7579 | D        | Bought a potion of heal wounds for 60 gold pieces
  7579 | D        | Bought a potion of heal wounds for 60 gold pieces
  7579 | D        | Bought a potion of lignification for 36 gold pieces
  7801 | D        | Bought a potion of haste for 100 gold pieces
  7914 | D        | Learned a level 7 spell: Summon Hydra
  7923 | D        | Learned a level 7 spell: Orb of Destruction
  8678 | D        | HP: 3/114 [Lom Lobon/great icy blast (16)]
  8679 | D        | Engulfed by Lom Lobon's freezing vapour

Illustrated notes

Levels and vault maps discovered:
D:        dungeon_sprint_1 [red_sonja_temple_1, red_sonja_temple_small_1]

Skill      XL: |  1  2  3  4  5  6  7  8  9 10 11 12 13 |
---------------+----------------------------------------+-----
Stealth        | 3 |  3.5
Spellcasting   | 3 4 6 8 10 11 13 14 16 18 | 18.8
Fire Magic     | 5 6 8 9 11 13 14 16 17 18 | 18.1
Dodging        | 3 4 5 6 |  6.1
Conjurations   | 3 4 5 6 7 8 10 11 13 14 | 14.8
Hexes          | 1 2 3 4 |  4.4
Invocations    | 1 5 8 10 12 14 | 14.0
Throwing       | 1 2 |  2.3
Summonings     | 2 7 |  7.3
Fighting       | 1 2 |  2.6
Translocations | 1 2 |  2.7
Maces & Flails | 1 2 |  2.3
Air Magic      | 6 8 |  8.7
Ice Magic      | 2 3 |  3.7
Poison Magic   | |  0.6

Action                     |  1- 3 |  4- 6 |  7- 9 | 10-12 | 13-15 || total
---------------------------+-------+-------+-------+-------+-------++-------
  Melee: Unarmed           |     8 |       |       |       |       ||     8
         Mace              |       |       |       |     7 |       ||     7
         Tentacles         |       |       |       |     2 |       ||     2
         Constrict         |       |       |       |     3 |       ||     3
  Throw: Dart              |       |       |     2 |     4 |       ||     6
   Cast: Foxfire           |     2 |     3 |    32 |    43 |    22 ||   102
         Scorch            |     3 |     7 |    18 |   112 |     5 ||   145
         Inner Flame       |       |     2 |     6 |     8 |     5 ||    21
         Flame Wave        |       |       |     1 |    14 |       ||    15
         Iskenderun's Batt |       |       |       |     9 |    13 ||    22
         Starburst         |       |       |       |    16 |     4 ||    20
         Fireball          |       |       |       |     6 |    18 ||    24
         Summon Forest     |       |       |       |     4 |    13 ||    17
         Hailstorm         |       |       |       |    41 |     2 ||    43
         Freezing Cloud    |       |       |       |     7 |     1 ||     8
         Mephitic Cloud    |       |       |       |     5 |     1 ||     6
         Haunt             |       |       |       |     1 |     1 ||     2
         Orb of Destructio |       |       |       |       |     7 ||     7
         Iskenderun's Myst |       |       |       |       |     5 ||     5
         Summon Hydra      |       |       |       |       |     3 ||     3
         Malign Gateway    |       |       |       |       |     2 ||     2
 Invoke: Channel Magic     |       |       |       |     4 |     2 ||     6
         Divine Exegesis   |       |       |       |     1 |     3 ||     4
         Forget Spell      |       |       |       |       |     2 ||     2
  Evoke: Wand              |       |       |       |     1 |       ||     1
         Box of beasts     |       |       |       |       |     1 ||     1
    Use: Potion            |     1 |       |       |     7 |    12 ||    20
         Scroll            |       |       |       |     5 |     9 ||    14
 Armour: Skin              |       |       |       |     5 |     4 ||     9
  Dodge: Dodged            |     6 |       |     3 |    20 |     3 ||    32

Table legend: (Time is in decaauts)
 A = Elapsed time spent in this place.
 B = Non-inter-level travel time spent in this place.
 C = Inter-level travel time spent in this place.
 D = Time resting spent in this place.
 E = Time spent auto-exploring this place.
 F = Levels seen in this place.
 G = Mean time per level.
                   A        B        C        D        E       F      G
               +--------+--------+--------+--------+--------+-----+--------+
         Total |   8679 |   8151 |    528 |   4311 |    179 |   1 | 8679.0 |
       Dungeon |   8679 |   8151 |    528 |   4311 |    179 |   1 | 8679.0 |
               +--------+--------+--------+--------+--------+-----+--------+

Top non-repeatable levels by time:
       D: 8679 daAuts
